TOP OF THE 1ST |
Salt Lake City Buzz batting - Pitching for Port Royal Disaster : LHP Magnus Scheving
|
Pitching: LHP Magnus Scheving
|
|
Batting: RHB Alejandro Herrera
|
0-0: Swinging Strike 0-1: Called Strike 0-2: Ground out U3 (Groundball, 3)
|
Batting: RHB Jung-hwan Kwon
|
0-0: Ball 1-0: Fly out, F9 (Flyball, 89S)
|
Batting: RHB Justin MacPherson
|
0-0: Ball 1-0: SINGLE (Line Drive, 6MD)
|
Batting: LHB Qi-zhen Loong
|
0-0: Fly out, F8 (Flyball, 8RM)
|
Top of the 1st over - 0 run(s), 1 hit(s), 0 error(s), 1 left on base; Salt Lake City 0 - Port Royal 0 |
BOTTOM OF THE 1ST |
Port Royal Disaster batting - Pitching for Salt Lake City Buzz : RHP Ben Hopley
|
Pitching: RHP Ben Hopley
|
|
Batting: LHB Ricky Payton
|
0-0: TRIPLE (Line Drive, 89M)
|
Batting: RHB Nelson Abbey
|
0-0: Ball 1-0: Swinging Strike 1-1: Swinging Strike 1-2: Foul Ball, location: 2F 1-2: Ball 2-2: Strikes out swinging
|
Batting: RHB Winston Sparks
|
0-0: Ground out 5-3 (Groundball, 5)
|
Batting: RHB Loren Stallings
|
0-0: Ball 1-0: Called Strike 1-1: Foul Ball, location: 2F 1-2: Foul Ball, location: 2F 1-2: Ground out 5-3 (Groundball, 56S)
|
Bottom of the 1st over - 0 run(s), 1 hit(s), 0 error(s), 1 left on base; Salt Lake City 0 - Port Royal 0 |
TOP OF THE 2ND |
Salt Lake City Buzz batting - Pitching for Port Royal Disaster : LHP Magnus Scheving
|
Batting: RHB Vicente Cruz
|
0-0: Ball 1-0: Foul Ball, location: 2F 1-1: Foul Ball, location: 2F 1-2: Ball 2-2: Foul Ball, location: 2F 2-2: Strikes out swinging
|
Batting: LHB Randy Schlosser
|
0-0: Ball 1-0: Foul Ball, location: 2F 1-1: Foul Ball, location: 2F 1-2: SINGLE (Groundball, 4D)
|
Batting: RHB Thom Wilcox
|
0-0: Called Strike 0-1: Foul Ball, location: 2F 0-2: Ball 1-2: Ball 2-2: Strikes out swinging
|
Batting: LHB Roberto Soto
|
0-0: Ball 1-0: Called Strike 1-1: Called Strike 1-2: Foul Ball, location: 2F 1-2: Ball 2-2: Strikes out swinging
|
Top of the 2nd over - 0 run(s), 1 hit(s), 0 error(s), 1 left on base; Salt Lake City 0 - Port Royal 0 |
BOTTOM OF THE 2ND |
Port Royal Disaster batting - Pitching for Salt Lake City Buzz : RHP Ben Hopley
|
Batting: RHB Marvin Hunter
|
0-0: Ball 1-0: Ball 2-0: Ball 3-0: Called Strike 3-1: Foul Ball, location: 2F 3-2: Base on Balls
|
Batting: RHB Brandon Cooper
|
0-0: Ball 1-0: Foul Ball, location: 2F 1-1: Called Strike 1-2: Foul Ball, location: 2F 1-2: Ball 2-2: Foul Ball, location: 2F 2-2: Fly out, F7 (Line Drive, 7)
|
Batting: LHB Bob Daugherty
|
0-0: Ball 1-0: Ball 2-0: Called Strike 2-1: Ball 3-1: SINGLE (Line Drive, 3D) Marvin Hunter to second Runner from 2nd tries for 3rd, SAFE, no throw
|
Batting: RHB Zach Lewis
|
0-0: Called Strike 0-1: Foul Ball, location: 2F 0-2: Ball 1-2: Foul Ball, location: 2F 1-2: Ball 2-2: Strikes out swinging
|
Batting: RHB Ronnie Cleveland
|
0-0: Ball 1-0: Swinging Strike 1-1: Swinging Strike 1-2: Ball 2-2: Strikes out swinging
|
Bottom of the 2nd over - 0 run(s), 1 hit(s), 0 error(s), 2 left on base; Salt Lake City 0 - Port Royal 0 |
TOP OF THE 3RD |
Salt Lake City Buzz batting - Pitching for Port Royal Disaster : LHP Magnus Scheving
|
Batting: RHB Quigley Gibson
|
0-0: Foul Ball, location: 2F 0-1: DOUBLE (Line Drive, 78D)
|
Batting: RHB Alejandro Herrera
|
0-0: Ball 1-0: Called Strike 1-1: Called Strike 1-2: Ball 2-2: Ball 3-2: Base on Balls
|
Batting: RHB Jung-hwan Kwon
|
0-0: Swinging Strike 0-1: Foul Ball, location: 2F 0-2: Strikes out swinging
|
Batting: RHB Justin MacPherson
|
0-0: Ball 1-0: Foul Ball, location: 2F 1-1: Swinging Strike 1-2: Strikes out swinging
|
Batting: LHB Qi-zhen Loong
|
0-0: Called Strike 0-1: Foul Ball, location: 2F 0-2: Foul Ball, location: 2F 0-2: Ball 1-2: Fly out, F8 (Flyball, 8LM)
|
Top of the 3rd over - 0 run(s), 1 hit(s), 0 error(s), 2 left on base; Salt Lake City 0 - Port Royal 0 |
BOTTOM OF THE 3RD |
Port Royal Disaster batting - Pitching for Salt Lake City Buzz : RHP Ben Hopley
|
Batting: LHB Ricky Payton
|
0-0: Ball 1-0: Fly out, F7 (Flyball, 7)
|
Batting: RHB Nelson Abbey
|
0-0: Ball 1-0: Ball 2-0: SINGLE (Flyball, 89S)
|
Batting: RHB Winston Sparks
|
0-0: Foul Ball, location: 2F 0-1: Ball 1-1: Ball 2-1: Foul Ball, location: 2F 2-2: Foul Ball, location: 2F 2-2: Foul Ball, location: 2F 2-2: Fly out, F7 (Flyball, 7S)
|
Batting: RHB Loren Stallings
|
0-0: Ball Wild Pitch! Nelson Abbey to second 1-0: Foul Ball, location: 2F 1-1: Foul Ball, location: 2F 1-2: Strikes out looking
|
Bottom of the 3rd over - 0 run(s), 1 hit(s), 0 error(s), 1 left on base; Salt Lake City 0 - Port Royal 0 |
TOP OF THE 4TH |
Salt Lake City Buzz batting - Pitching for Port Royal Disaster : LHP Magnus Scheving
|
Batting: RHB Vicente Cruz
|
0-0: Ball 1-0: Called Strike 1-1: Ball 2-1: Swinging Strike 2-2: Strikes out swinging, 2-3 out at first.
|
Batting: LHB Randy Schlosser
|
0-0: Called Strike 0-1: Ball 1-1: Foul Ball, location: 2F 1-2: Strikes out swinging
|
Batting: RHB Thom Wilcox
|
0-0: Foul Ball, location: 2F 0-1: Ball 1-1: Foul Ball, location: 2F 1-2: Fly out, F8 (Line Drive, 8RD)
|
Top of the 4th over - 0 run(s), 0 hit(s), 0 error(s), 0 left on base; Salt Lake City 0 - Port Royal 0 |
BOTTOM OF THE 4TH |
Port Royal Disaster batting - Pitching for Salt Lake City Buzz : RHP Ben Hopley
|
Batting: RHB Marvin Hunter
|
0-0: Ball 1-0: SINGLE (Flyball, 8LS)
|
Batting: RHB Brandon Cooper
|
0-0: Ball 1-0: Foul Ball, location: 2F 1-1: Ball 2-1: Foul Ball, location: 2F 2-2: Ball 3-2: SINGLE (Groundball, 56D) Marvin Hunter to second
|
Batting: LHB Bob Daugherty
|
0-0: Swinging Strike 0-1: Ball 1-1: Ball 2-1: TRIPLE (Groundball, 5L) Marvin Hunter scores Brandon Cooper scores
|
Batting: RHB Zach Lewis
|
0-0: Ball 1-0: Called Strike 1-1: Fly out, F9 (Flyball, 9) Runner from 3rd tags up, SCORES, no throw
|
Batting: RHB Ronnie Cleveland
|
0-0: Ball 1-0: Called Strike 1-1: Called Strike 1-2: Foul Ball, location: 2F 1-2: Ball 2-2: SINGLE (Groundball, 56D)
|
Batting: LHB Ricky Payton
|
0-0: Fielders Choice at 2nd, 4-6 (Groundball, 4)
|
Batting: RHB Nelson Abbey
|
0-0: Fielders Choice at 2nd, 6-4 (Groundball, 6)
|
Bottom of the 4th over - 3 run(s), 4 hit(s), 0 error(s), 0 left on base; Salt Lake City 0 - Port Royal 3 |
TOP OF THE 5TH |
Salt Lake City Buzz batting - Pitching for Port Royal Disaster : LHP Magnus Scheving
|
Batting: LHB Roberto Soto
|
0-0: Bunted foul 0-1: Ball 1-1: Fly out, F9 (Line Drive, 9D)
|
Batting: RHB Quigley Gibson
|
0-0: Ball 1-0: Ball 2-0: Ball 3-0: Called Strike 3-1: Base on Balls
|
Pitching: RHP Joe Griffin
|
|
Batting: RHB Alejandro Herrera
|
0-0: Ball 1-0: Ball 2-0: Called Strike 2-1: Foul Ball, location: 2F 2-2: Ball 3-2: Strikes out swinging
|
Batting: RHB Jung-hwan Kwon
|
0-0: Ball 1-0: Ball 2-0: Called Strike 2-1: SINGLE (Groundball, 34D) Quigley Gibson to second Runner from 2nd tries for 3rd, SAFE, throw made to third
|
Batting: RHB Justin MacPherson
|
0-0: Foul Ball, location: 2F 0-1: Foul Ball, location: 2F 0-2: Strikes out looking
|
Top of the 5th over - 0 run(s), 1 hit(s), 0 error(s), 2 left on base; Salt Lake City 0 - Port Royal 3 |
BOTTOM OF THE 5TH |
Port Royal Disaster batting - Pitching for Salt Lake City Buzz : RHP Ben Hopley
|
Batting: RHB Winston Sparks
|
0-0: Called Strike 0-1: Ball 1-1: Ball 2-1: Fly out, F8 (Line Drive, 8LM)
|
Batting: RHB Loren Stallings
|
0-0: Ball 1-0: Ground out 5-3 (Groundball, 5)
|
Batting: RHB Marvin Hunter
|
0-0: Ball 1-0: Ball 2-0: Ball 3-0: Called Strike 3-1: Base on Balls
|
Batting: RHB Brandon Cooper
|
0-0: Ball 1-0: Ball 2-0: Ball 3-0: Base on Balls Marvin Hunter to second
|
Batting: LHB Bob Daugherty
|
0-0: Ball 1-0: Ball 2-0: Ball 3-0: Called Strike 3-1: Base on Balls Marvin Hunter to third Brandon Cooper to second
|
Pitching: LHP Léonard Moreau
|
|
Batting: RHB Zach Lewis
|
0-0: Ball 1-0: Fielders Choice at 2nd, 6-4 (Groundball, 6)
|
Bottom of the 5th over - 0 run(s), 0 hit(s), 0 error(s), 2 left on base; Salt Lake City 0 - Port Royal 3 |
TOP OF THE 6TH |
Salt Lake City Buzz batting - Pitching for Port Royal Disaster : RHP Joe Griffin
|
Batting: LHB Qi-zhen Loong
|
0-0: Ball 1-0: Called Strike 1-1: Ball 2-1: SINGLE (Flyball, 7S)
|
Batting: RHB Vicente Cruz
|
0-0: Foul Ball, location: 2F 0-1: Ball 1-1: Ball 2-1: Ball Wild Pitch! Qi-zhen Loong to second 3-1: Base on Balls
|
Batting: LHB Randy Schlosser
|
0-0: Ball 1-0: Ball 2-0: Bunted foul 2-1: Bunted foul 2-2: Hit by Pitch Qi-zhen Loong to third Vicente Cruz to second
|
Batting: RHB Thom Wilcox
|
0-0: Called Strike 0-1: Foul Ball, location: 2F 0-2: Fly out, F6 (Popup, 6MD)
|
Batting: LHB Roberto Soto
|
0-0: Called Strike 0-1: Ball 1-1: GRAND SLAM HOME RUN (Flyball, 9D), Distance : 416 ft
|
Pitching: RHP Dave Tomlinson
|
|
Batting: RHB Quigley Gibson
|
0-0: Ball 1-0: Called Strike 1-1: Ball 2-1: Foul Ball, location: 2F 2-2: Strikes out looking
|
Batting: RHB Alejandro Herrera
|
0-0: Foul Ball, location: 2F 0-1: Ball 1-1: Ball 2-1: Ball 3-1: Foul Ball, location: 2F 3-2: Base on Balls
|
Batting: RHB Jung-hwan Kwon
|
0-0: Ball 1-0: Called Strike Alejandro Herrera steals 2nd base 1-1: Foul Ball, location: 2F 1-2: Foul Ball, location: 2F 1-2: Ball 2-2: Ground out 5-3 (Groundball, 56S)
|
Top of the 6th over - 4 run(s), 2 hit(s), 0 error(s), 1 left on base; Salt Lake City 4 - Port Royal 3 |
BOTTOM OF THE 6TH |
Port Royal Disaster batting - Pitching for Salt Lake City Buzz : LHP Léonard Moreau
|
Batting: RHB Ronnie Cleveland
|
0-0: Ball 1-0: Ball 2-0: Foul Ball, location: 2F 2-1: Ground out 6-3 (Groundball, 6)
|
Batting: LHB Ricky Payton
|
0-0: Ball 1-0: Ball 2-0: Foul Ball, location: 2F 2-1: DOUBLE (Line Drive, 8LD)
|
Batting: RHB Nelson Abbey
|
0-0: Ball 1-0: Ball 2-0: Ball 3-0: Called Strike 3-1: Base on Balls
|
Batting: RHB Winston Sparks
|
0-0: Called Strike 0-1: Swinging Strike 0-2: Ball 1-2: Ball 2-2: Strikes out looking
|
Batting: RHB Loren Stallings
|
0-0: Called Strike 0-1: Called Strike 0-2: Ball 1-2: Ball 2-2: Ground out 3-1 (Groundball, 34)
|
Bottom of the 6th over - 0 run(s), 1 hit(s), 0 error(s), 2 left on base; Salt Lake City 4 - Port Royal 3 |
TOP OF THE 7TH |
Salt Lake City Buzz batting - Pitching for Port Royal Disaster : RHP Dave Tomlinson
|
Batting: RHB Justin MacPherson
|
0-0: Called Strike 0-1: Swinging Strike 0-2: Foul Ball, location: 2F 0-2: Foul Ball, location: 2F 0-2: Ball 1-2: Ground out 6-3 (Groundball, 6)
|
Batting: LHB Qi-zhen Loong
|
0-0: Ball 1-0: Ball 2-0: Ball 3-0: Base on Balls
|
Pinch Hitting: LHB Yannick Hendriksen
|
0-0: Fly out, F4 (Popup, 3D)
|
Batting: LHB Randy Schlosser
|
0-0: Ball 1-0: Foul Ball, location: 2F 1-1: Foul Ball, location: 2F 1-2: Fielders Choice at 2nd, 4-6 (Groundball, 4)
|
Top of the 7th over - 0 run(s), 0 hit(s), 0 error(s), 0 left on base; Salt Lake City 4 - Port Royal 3 |
BOTTOM OF THE 7TH |
Port Royal Disaster batting - Pitching for Salt Lake City Buzz : LHP Léonard Moreau
|
Now in CF: Roberto Ríos
|
|
Batting: RHB Marvin Hunter
|
0-0: Foul Ball, location: 2F 0-1: Ball 1-1: Ball 2-1: Swinging Strike 2-2: Strikes out swinging
|
Batting: RHB Brandon Cooper
|
0-0: Foul Ball, location: 2F 0-1: Foul Ball, location: 2F 0-2: Foul Ball, location: 2F 0-2: Foul Ball, location: 2F 0-2: Ball 1-2: Ball 2-2: Ground out 5-3 (Groundball, 5)
|
Batting: LHB Bob Daugherty
|
0-0: Called Strike 0-1: Ball 1-1: Called Strike 1-2: Ball 2-2: Foul Ball, location: 2F 2-2: Ball 3-2: Foul Ball, location: 2F 3-2: Base on Balls
|
Pinch Hitting: RHB Manuel Becerra
|
0-0: Ball Bob Daugherty is caught stealing 2nd base
|
Bottom of the 7th over - 0 run(s), 0 hit(s), 0 error(s), 0 left on base; Salt Lake City 4 - Port Royal 3 |
TOP OF THE 8TH |
Salt Lake City Buzz batting - Pitching for Port Royal Disaster : RHP Dave Tomlinson
|
Now at 2B: Manuel Becerra
|
|
Batting: RHB Thom Wilcox
|
0-0: Called Strike 0-1: Foul Ball, location: 2F 0-2: Ball 1-2: Ball 2-2: Foul Ball, location: 2F 2-2: Strikes out swinging
|
Batting: LHB Roberto Soto
|
0-0: Ball 1-0: Ball 2-0: Foul Ball, location: 2F 2-1: Called Strike 2-2: Ball 3-2: Fly out, F7 (Line Drive, 7LS)
|
Batting: RHB Quigley Gibson
|
0-0: Foul Ball, location: 2F 0-1: Ball 1-1: Foul Ball, location: 2F 1-2: Ball 2-2: Ball 3-2: Fly out, F7 (Flyball, 7D)
|
Top of the 8th over - 0 run(s), 0 hit(s), 0 error(s), 0 left on base; Salt Lake City 4 - Port Royal 3 |
BOTTOM OF THE 8TH |
Port Royal Disaster batting - Pitching for Salt Lake City Buzz : LHP Léonard Moreau
|
Pitching: RHP Lorenzo López
|
|
Now in RF: Ángel Aguilar
|
|
Batting: RHB Manuel Becerra
|
0-0: Called Strike 0-1: Ball 1-1: Ball 2-1: Ball 3-1: Base on Balls
|
Batting: RHB Ronnie Cleveland
|
0-0: Ball 1-0: Sac Bunt - play at first, batter OUT! 5-4 Manuel Becerra to second
|
Batting: LHB Ricky Payton
|
0-0: Foul Ball, location: 2F 0-1: Swinging Strike 0-2: Ball 1-2: Ball 2-2: Ball 3-2: SINGLE (Groundball, 6MD) Manuel Becerra to third Runner from 3rd tries for Home, throw and OUT! Ricky Payton to second
|
Pinch Hitting: LHB Rubén López
|
0-0: Ball 1-0: Ball 2-0: Ball 3-0: Base on Balls
|
Batting: RHB Winston Sparks
|
0-0: Ball 1-0: SINGLE (Line Drive, 3D) Ricky Payton to third Rubén López to second Runner from 3rd tries for Home, SAFE, no throw
|
Pinch Hitting: SHB Arsenio Sameiro
|
0-0: Called Strike 0-1: Ground out U3 (Groundball, 34)
|
Bottom of the 8th over - 1 run(s), 2 hit(s), 0 error(s), 2 left on base; Salt Lake City 4 - Port Royal 4 |
TOP OF THE 9TH |
Salt Lake City Buzz batting - Pitching for Port Royal Disaster : RHP Dave Tomlinson
|
Pitching: RHP Cipriano Costa
|
|
Now at 1B: Arsenio Sameiro
|
|
Now in RF: Davis Mills
|
|
Pinch Hitting: SHB Pablo Coloa
|
0-0: SINGLE (Groundball, 56D)
|
Batting: RHB Jung-hwan Kwon
|
0-0: Bunt missed! 0-1: Bunted foul 0-2: Fly out, F5 (Popup, 5L)
|
Batting: RHB Justin MacPherson
|
0-0: Ball Pablo Coloa is caught stealing 2nd base 1-0: Called Strike 1-1: Foul Ball, location: 2F 1-2: Foul Ball, location: 2F 1-2: Ball 2-2: Reached on error, E5 (Groundball, 56S)
|
Batting: LHB Qi-zhen Loong
|
0-0: Ball 1-0: Ball 2-0: Ball 3-0: Base on Balls
|
Pinch Hitting: RHB Curt Kenney
|
0-0: Called Strike 0-1: Ball 1-1: Fly out, F7 (Line Drive, 7S)
|
Top of the 9th over - 0 run(s), 1 hit(s), 1 error(s), 2 left on base; Salt Lake City 4 - Port Royal 4 |
BOTTOM OF THE 9TH |
Port Royal Disaster batting - Pitching for Salt Lake City Buzz : RHP Lorenzo López
|
Pitching: RHP Luis Bejarano
|
|
Now at SS: Pablo Coloa
|
|
Now in CF: Trent Burch
|
|
Batting: RHB Marvin Hunter
|
0-0: Foul Ball, location: 2F 0-1: Called Strike 0-2: Strikes out swinging
|
Batting: RHB Brandon Cooper
|
0-0: Called Strike 0-1: Ball 1-1: Swinging Strike 1-2: Strikes out looking
|
Batting: LHB Bob Daugherty
|
0-0: Called Strike 0-1: Called Strike 0-2: Ball 1-2: Strikes out swinging
|
Bottom of the 9th over - 0 run(s), 0 hit(s), 0 error(s), 0 left on base; Salt Lake City 4 - Port Royal 4 |
TOP OF THE 10TH |
Salt Lake City Buzz batting - Pitching for Port Royal Disaster : RHP Cipriano Costa
|
Batting: LHB Randy Schlosser
|
0-0: Ball 1-0: Called Strike 1-1: Ground out 3-1 (Groundball, 34S)
|
Batting: LHB Ángel Aguilar
|
0-0: Called Strike 0-1: Ball 1-1: Foul Ball, location: 2F 1-2: Foul Ball, location: 2F 1-2: Ball 2-2: Ground out U3 (Groundball, 3L)
|
Batting: LHB Roberto Soto
|
0-0: Ball 1-0: Foul Ball, location: 2F 1-1: Swinging Strike 1-2: Ball 2-2: Ball 3-2: Base on Balls
|
Pinch Hitting: RHB Josh Stafford
|
0-0: Ball 1-0: Ball Roberto Soto is caught stealing 2nd base
|
Top of the 10th over - 0 run(s), 0 hit(s), 0 error(s), 0 left on base; Salt Lake City 4 - Port Royal 4 |
BOTTOM OF THE 10TH |
Port Royal Disaster batting - Pitching for Salt Lake City Buzz : RHP Luis Bejarano
|
Now at C: Erwin Chapman
|
|
Batting: RHB Manuel Becerra
|
0-0: Ball 1-0: Foul Ball, location: 2F 1-1: Ground out 6-3 (Groundball, 56)
|
Batting: RHB Ronnie Cleveland
|
0-0: Called Strike 0-1: Foul Ball, location: 2F 0-2: Ball 1-2: Fly out, F6 (Popup, 6)
|
Batting: LHB Ricky Payton
|
0-0: Called Strike 0-1: Ball 1-1: Ball 2-1: Fly out, F9 (Line Drive, 9LM)
|
Bottom of the 10th over - 0 run(s), 0 hit(s), 0 error(s), 0 left on base; Salt Lake City 4 - Port Royal 4 |
TOP OF THE 11TH |
Salt Lake City Buzz batting - Pitching for Port Royal Disaster : RHP Cipriano Costa
|
Pitching: RHP Miguel Hernández
|
|
Batting: RHB Erwin Chapman
|
0-0: Called Strike 0-1: Foul Ball, location: 2F 0-2: Ball 1-2: Strikes out swinging
|
Batting: SHB Pablo Coloa
|
0-0: Called Strike 0-1: Ball 1-1: Ball 2-1: Ball 3-1: Fly out, F3 (Line Drive, 34)
|
Batting: RHB Jung-hwan Kwon
|
0-0: Foul Ball, location: 2F 0-1: Swinging Strike 0-2: Ball 1-2: Ball 2-2: Ball 3-2: Reached on error, E6 (Groundball, 6)
|
Batting: RHB Justin MacPherson
|
0-0: Ball Jung-hwan Kwon is caught stealing 2nd base
|
Top of the 11th over - 0 run(s), 0 hit(s), 1 error(s), 0 left on base; Salt Lake City 4 - Port Royal 4 |
BOTTOM OF THE 11TH |
Port Royal Disaster batting - Pitching for Salt Lake City Buzz : RHP Luis Bejarano
|
Pitching: RHP Rick Kennedy
|
|
Batting: LHB Davis Mills
|
0-0: Ground out 6-3 (Groundball, 6)
|
Batting: RHB Winston Sparks
|
0-0: Ball 1-0: Ball 2-0: Ball 3-0: Base on Balls
|
Batting: SHB Arsenio Sameiro
|
0-0: Called Strike 0-1: Foul Ball, location: 2F 0-2: Ball 1-2: Strikes out looking
|
Batting: RHB Marvin Hunter
|
0-0: Ball Wild Pitch! Winston Sparks to second 1-0: Ground out 6-3 (Groundball, 6)
|
Bottom of the 11th over - 0 run(s), 0 hit(s), 0 error(s), 1 left on base; Salt Lake City 4 - Port Royal 4 |
TOP OF THE 12TH |
Salt Lake City Buzz batting - Pitching for Port Royal Disaster : RHP Miguel Hernández
|
Batting: RHB Justin MacPherson
|
0-0: Ball 1-0: Swinging Strike 1-1: Called Strike 1-2: Strikes out looking
|
Batting: LHB Qi-zhen Loong
|
0-0: Called Strike 0-1: Foul Ball, location: 2F 0-2: Strikes out swinging
|
Batting: RHB Trent Burch
|
0-0: Called Strike 0-1: Ball 1-1: Ball 2-1: Swinging Strike 2-2: Ball 3-2: Base on Balls
|
Batting: LHB Randy Schlosser
|
0-0: Called Strike 0-1: Ball 1-1: Fly out, F7 (Flyball, 78D)
|
Top of the 12th over - 0 run(s), 0 hit(s), 0 error(s), 1 left on base; Salt Lake City 4 - Port Royal 4 |
|